ugh, lawful female human Knight ---- |..-- ----|.^.| |..----.| ----....||.-- .........--..-- ..............| .............-- .............-- .........%....| ...%.....%%...| --.|.....%..-- --|...--.<.| --r---|..-- |p.-- |..| |.hf| ---- --f@| ---- ugh the Esquire Experience level: 5 Strength: 16 Dexterity: 8 Constitution: 12 Intelligence: 9 Wisdom: 14 Charisma: 18 Health: 0(42) Energy: 47(47) Def: 8 Gold: 306 Moves: 856 Dungeon seed: gycbu_Tzzerz6fvo Game ID: ugh_1535022988 Your Inventory: Coins $ - 306 gold pieces Weapons a - a +1 long sword (weapon in hand) b - a rusty +1 lance Armor e - an uncursed +1 ring mail (being worn) n - an uncursed +0 helmet (being worn) q - an uncursed +0 small shield (being worn) r - an uncursed +0 pair of leather gloves (being worn) x - an uncursed +1 dwarvish cloak z - a cursed -1 oilskin cloak (being worn) N - an uncursed +1 pair of leather gloves Y - an uncursed +0 pair of water walking boots (being worn) Comestibles c - 13 uncursed apples Scrolls g - a cursed scroll of magic mapping B - a blessed scroll of food detection Potions f - an uncursed potion of speed h - a cursed potion of levitation i - an uncursed potion of gain energy Tools j - an uncursed brass lantern (lit) (0:774) k - 9 uncursed tallow candles (0:200) s - a cursed tallow candle (0:200) v - 2 uncursed wax candles (0:400) C - a bag of tricks (0:14) Gems o - an uncursed worthless piece of blue glass u - an uncursed worthless piece of red glass w - an uncursed worthless piece of yellow glass y - 2 uncursed jasper stones Spells and supernatural/magical abilities: Name Level Category Fail Memory W - pray for help -- divine ? -- X - turn undead -- divine ? -- Y - supernatural jump -- ability ? -- Your skills at the end: Fighting Skills riding [Basic] Weapon Skills long sword [Basic] lance [Basic] Spellcasting Skills Final Attributes: You were piously aligned. You could jump. You could walk on water. You are dead. Vanquished creatures: a large mimic a small mimic a pony a shrieker a gnome lord a kobold mummy a golden naga hatchling a dwarf a rothe 2 giant rats 14 gnomes a jackal a goblin a lichen a kobold zombie a newt 30 creatures vanquished. Voluntary challenges: You were an atheist. You used a wielded weapon 40 times, starting on turn 98. You read items or engraved 1 time, starting on turn 844. You never genocided any monsters. You never polymorphed an object. You never changed form. You used no wishes. You never split a pudding. You wrote Elbereth's name 1 time, starting on turn 844. You never violated your personal moral code. Dungeon overview: The Dungeons of Doom: levels 1 to 4 Level 1 a long staircase Level 2 Level 3 an armor shop stairs to The Gnomish Mines Level 4 a fountain The Gnomish Mines: levels 4 to 5 Level 4 stairs to The Dungeons of Doom Level 5 <- You were here History has recorded: On T:1 you entered the Dungeons of Doom to retrieve the Amulet of Yendor! On T:94 you reached level 2 of The Dungeons of Doom. On T:374 you reached level 3 of The Dungeons of Doom. On T:379 you advanced to experience level 2. On T:430 you advanced to experience level 3. On T:451 you advanced to experience level 4. On T:569 you reached level 4 of The Dungeons of Doom. On T:621 you reached level 1 of The Gnomish Mines. On T:706 you advanced to experience level 5. On T:784 you reached level 2 of The Gnomish Mines. Score breakdown: Gold: 306 ( 8460 points) Experience: 5 levels (11141 points) Exploration: 5 levels ( 10.20%) ( 8660 points) Discoveries: 1 item ( 0.41%) ( 1912 points) Valuables value: (no points given unless you survive) Artifact value: 0 ( 0 points) Variety of kills: 16 monsters ( 4.20%) ( 6147 points) Turncount: 856 turns ( 0 points) Survival: died (score multiplied by 80%) Total score: 29056 Latest messages: The housecat bites the saddled pony. The saddled pony is killed! Something is written here in the dust. You read: "? ?? ?n". Your movements are slowed slightly because of your load. You miss the housecat. The housecat misses the rock piercer. The housecat misses. The housecat misses the rock piercer. The housecat bites! The housecat bites the rock piercer. The rock piercer bites the housecat. The housecat misses. You miss the housecat. The housecat bites! You miss the housecat. The housecat bites! You miss the housecat. The bugbear misses. The housecat bites! (2x) The bugbear hits! You die... Final status: Fare thee well ugh the Knight, killed by a bugbear... You died in The Gnomish Mines on dungeon level 5 with 29056 points, and 306 pieces of gold, after 856 moves. You were level 5 with a maximum of 42 hit points when you died.